 Dungeon Crawl Stone Soup version 0.22-a0-322-g60b3cfd (webtiles) character file.

1842 Kairos the Cleaver (level 9, -5/71 HPs)
             Began as a Barachi Fighter on Apr 4, 2018.
             Killed by divine providence
             ... invoked by an orc priest
              (12 damage)
             ... on level 6 of the Dungeon.
             The game lasted 00:09:38 (6404 turns).

Kairos the Cleaver (Barachi Fighter)                Turns: 6404, Time: 00:09:39

Health: -5/71      AC:  9    Str: 17    XL:     9   Next: 12%
Magic:  0/9        EV:  9    Int: 14    God:
Gold:   239        SH: 11    Dex: 15    Spells: 8/8 levels left

rFire    . . .     SeeInvis .   a - +1 war axe
rCold    . . .     Gourm    .   c - +1 shield
rNeg     + . .     Faith    .   b - +0 scale mail
rPois    .         Spirit   +   (no helmet)
rElec    .         Reflect  .   v - +0 cloak
rCorr    .         Harm     .   (no gloves)
MR       .....                  (no boots)
Stlth    ++........             k - amulet of guardian spirit
HPRegen  0.21/turn              h - ring of stealth
MPRegen  0.11/turn              r - ring of positive energy

@: brilliant, slow
A: +LOS, swims, slowness 1, strong legs 1
a: Hop


You were on level 6 of the Dungeon.
You were not hungry.

You visited 1 branch of the dungeon, and saw 6 of its levels.

You collected 239 gold pieces.

Inventory:

Hand Weapons
 a - a +1 war axe (weapon)
 o - a cursed -1 trident
Armour
 b - a +0 scale mail (worn)
 c - a +1 shield (worn)
 v - a +0 cloak (worn)
Jewellery
 h - a ring of stealth (left hand)
 k - an amulet of guardian spirit (around neck)
 r - a ring of positive energy (right hand)
Wands
 z - a wand of enslavement (12)
Scrolls
 e - a scroll of teleportation
 g - 3 scrolls of remove curse
 p - a scroll of random uselessness
 q - a scroll of magic mapping
 s - a scroll of amnesia
 y - a scroll of identify
Potions
 d - a potion of brilliance
 i - a potion of mutation {unknown}
 j - a potion of curing
 l - a potion of invisibility
 m - a potion of resistance {unknown}
 n - 2 potions of flight {unknown}
 t - 3 potions of haste {unknown}
 u - a potion of lignification {unknown}
 w - a potion of berserk rage {unknown}
 x - a potion of degeneration {unknown}
Comestibles
 f - 8 rations


   Skills:
 + Level 6.5 Fighting
 + Level 8.1 Axes
 + Level 7.0 Armour
 + Level 2.6 Dodging
 + Level 2.2 Stealth
 + Level 6.0 Shields


You had 8 spell levels left.
You didn't know any spells.

Dungeon Overview and Level Annotations

Branches:
Dungeon (6/15)
 Temple: D:4-7

Altars:
Fedhas
Makhleb


Innate Abilities, Weirdness & Mutations

Shadows flee at your approach. (+LOS)
You can swim through water.
You cover ground slowly.
You can hop short distances.


Message History

You are too injured to fight recklessly!
Okay, then.
It was a potion of brilliance.
You feel clever all of a sudden.
The orc priest calls upon Beogh to heal the orc warrior.
The orc warrior is healed somewhat.
The orc warrior hits you with a scimitar!!
* * * LOW HITPOINT WARNING * * *
You hit the orc warrior but do no damage.
The orc warrior is severely wounded.
The orc warrior hits you with a scimitar!
* * * LOW HITPOINT WARNING * * *
You closely miss the orc warrior.
The orc warrior is severely wounded.
You hit the orc warrior but do no damage.
The orc warrior is severely wounded.
You block the orc warrior's attack.
The orc priest invokes the aid of Beogh against you.
Beogh smites you!
You die...

####....##########...#
##.#.# ##.#.# # #.#
#.###. ###.## ##(#.#
#....# ##.## #.#.##
#.# #.### #.# #.# #.#
#@# #.# #o# #.## #o#
#...


Fo# #### ### You could see an orc warrior, a bullfrog, an orc priest and an orc.

Vanquished Creatures
  The ghost of ohad the Changer, an amateur OpTm of Okawaru (D:5)
  Sigmund (D:2)
  A sky beast (D:5)
  A black bear (D:6)
  2 ogres (D:5)
  2 centaurs
  A water moccasin zombie (D:5)
  2 scorpions (D:5)
  2 howler monkeys
  2 crimson imps (D:5)
  A hound (D:6)
  A jelly (D:6)
  Crazy Yiuf (D:5)
  A bullfrog skeleton (D:5)
  2 orc priests
  2 orc wizards
  Natasha (twice) (D:3)
  3 worker ants
  A hound zombie (D:6)
  A worker ant zombie (D:5)
  Robin (D:2)
  4 gnolls
  16 adders
  A shadow imp (D:6)
  An ooze (D:2)
  3 worms
  A dart slug (D:1)
  6 leopard geckos
  5 orcs
  6 giant cockroaches
  17 goblins
  9 hobgoblins
  4 jackals
  4 quokkas
  2 ball pythons (D:5)
  4 bats
  3 frilled lizards
  15 kobolds
  6 rats
138 creatures vanquished.

Notes
Turn   | Place    | Note
-------+----------+-------------------------------------------
     0 | D:1      | Kairos the Barachi Fighter began the quest for the Orb.
     0 | D:1      | Reached XP level 1. HP: 18/18 MP: 1/1
    82 | D:1      | Reached XP level 2. HP: 25/25 MP: 2/2
   589 | D:2      | Reached XP level 3. HP: 27/30 MP: 3/3
   615 | D:2      | Noticed Sigmund
   930 | D:2      | Noticed Robin
   931 | D:2      | Reached skill level 1 in Stealth
   939 | D:2      | Reached skill level 3 in Axes
   950 | D:2      | Killed Robin
   950 | D:2      | Reached XP level 4. HP: 22/37 MP: 2/4
  1638 | D:2      | Killed Sigmund
  1638 | D:2      | Reached skill level 4 in Axes
  1638 | D:2      | Reached skill level 5 in Armour
  1638 | D:2      | Reached skill level 1 in Dodging
  1638 | D:2      | Reached XP level 5. HP: 28/42 MP: 5/5
  1638 | D:2      | Reached XP level 6. HP: 32/48 MP: 6/6
  2804 | D:3      | Reached skill level 5 in Axes
  2848 | D:3      | Noticed Natasha
  2852 | D:3      | Killed Natasha
  2893 | D:3      | Noticed Natasha
  2905 | D:2      | Reached XP level 7. HP: 23/55 MP: 5/7
  3304 | D:3      | Found a burning altar of Makhleb.
  3304 | D:3      | Noticed a cacodemon
  3503 | D:3      | Killed Natasha
  4204 | D:5      | Entered Level 5 of the Dungeon
  4222 | D:5      | Reached skill level 5 in Fighting
  4380 | D:5      | Found a blossoming altar of Fedhas.
  4395 | D:5      | Reached skill level 6 in Axes
  4453 | D:5      | Reached skill level 5 in Shields
  4457 | D:5      | Noticed ohad's ghost (amateur OpTm)
  4479 | D:5      | Killed ohad's ghost
  4479 | D:5      | Reached XP level 8. HP: 50/64 MP: 6/8
  4843 | D:5      | Reached skill level 7 in Axes
  5670 | D:5      | Found a runed door.
  5765 | D:5      | Noticed Crazy Yiuf
  5770 | D:5      | Killed Crazy Yiuf
  5926 | D:6      | Reached XP level 9. HP: 54/70 MP: 9/9
  6184 | D:6      | Reached skill level 8 in Axes
  6404 | D:6      | Killed from afar by an orc priest

Vault maps used:
D:1:      lemuel_arrival_funnel, kennysheep_crisscross
D:2:      uniq_robin, uniq_sigmund
D:3:      first_ration, makhleb_altar_promises_db, uniq_natasha
D:5:      minmay_misc_feat_hallway, fedhas_altar_3, uniq_crazy_yiuf_cottage

Skill      XL: |  1  2  3  4  5  6  7  8  9 |
---------------+----------------------------+-----
Armour         | 4 5 6 7 |  7.0
Stealth        | 1 2 |  2.2
Axes           | 3 4 5 6 7 8 |  8.1
Fighting       | 4 5 6 |  6.5
Dodging        | 1 2 |  2.6
Shields        | 4 5 6 |  6.0

Action                   |  1- 3 |  4- 6 |  7- 9 || total
-------------------------+-------+-------+-------++-------
Melee: War axe           |    89 |   148 |   354 ||   591
 Abil: Hop               |       |     1 |       ||     1
  Use: Potion            |     2 |     1 |     1 ||     4
       Scroll            |       |       |    10 ||    10
 Stab: Sleeping          |       |     5 |     3 ||     8
  Eat: Chunk             |       |     8 |    13 ||    21
Armor: Scale mail        |    36 |    52 |   130 ||   218
Dodge: Dodged            |    38 |    46 |    99 ||   183
Block: Shield            |    61 |    87 |   217 ||   365

Table legend:
 A = Spawn XP
 B = Non-spawn XP
 C = Spawn XP percentage of total XP
 D = Spawn monster count
 E = Non-spawn monster count
 F = Spawn count percentage of total count
 G = Total turns spent on level
                    A         B        C        D         E        F      G
               +---------+---------+-------+---------+---------+-------+---------
         Total |       0 |    2632 |   0.0 |       0 |     138 |   0.0 |  6404
               +---------+---------+-------+---------+---------+-------+---------
           D:1 |       0 |      29 |   0.0 |       0 |      17 |   0.0 |  1109
           D:2 |       0 |     360 |   0.0 |       0 |      36 |   0.0 |  1666
           D:3 |       0 |     334 |   0.0 |       0 |      30 |   0.0 |   821
           D:4 |       0 |     190 |   0.0 |       0 |      12 |   0.0 |   608
           D:5 |       0 |    1191 |   0.0 |       0 |      23 |   0.0 |  1622
           D:6 |       0 |     528 |   0.0 |       0 |      20 |   0.0 |   578
               +---------+---------+-------+---------+---------+-------+---------
